 Dungeon Crawl Stone Soup version 0.30.1 (webtiles) character file.

Game seed: 14516587202974808773

163 Arctor the Insei (level 5, -12/34 HPs)
             Began as an Octopode Transmuter on July 7, 2023.
             Mangled by an orc warrior
             ... wielding a +0 glaive
              (20 damage)
             ... on level 3 of the Dungeon.
             The game lasted 00:02:06 (3412 turns).

Arctor the Insei (Octopode Transmuter)              Turns: 3412, Time: 00:02:07

Health: -12/34     AC:  1    Str:  9    XL:     5   Next: 44%
Magic:  9/9        EV: 13    Int: 18    God:
Gold:   179        SH:  0    Dex: 12    Spells: 8/9 levels left

rFire   . .          .
                       - Unarmed
rCold   . . .        (no shield)
rNeg    . . .        (helmet restricted)
rPois   .            (no amulet)
rElec   .            (no ring)
rCorr   .            (no ring)
SInv    .            (no ring)
Will    .....        (no ring)
Stlth   ++           (no ring)
HPRegen 0.25/turn    (no ring)
MPRegen 0.11/turn    (no ring)
                     (no ring)

%: no passive effects
@: flying
A: almost no armour, amphibious, 8 rings, camouflage 1, gelatinous body 1,
(nimble swimmer 1), tentacles
a: no special abilities


You were on level 3 of the Dungeon.
You visited 1 branch of the dungeon, and saw 4 of its levels.

You collected 179 gold pieces.

Inventory:

Missiles
 k - 2 boomerangs of dispersal
Magical Staves
 g - a staff of earth
Scrolls
 b - 2 scrolls of teleportation {unknown}
 c - a scroll of magic mapping {unknown}
 j - 2 scrolls of fear {unknown}
 l - a scroll of vulnerability {unknown}
 m - a scroll of poison {unknown}
 o - 2 scrolls of immolation {unknown}
 p - a scroll of acquirement {unknown}
Potions
 a - 2 potions of lignification
 d - a potion of curing
 f - 2 potions of cancellation
 i - a potion of degeneration {unknown}
 n - a potion of heal wounds {unknown}
 q - 2 potions of attraction {unknown}


   Skills:
 + Level 2.3 Fighting
 + Level 2.9 Dodging
 + Level 3.7 Unarmed Combat
 + Level 2.8 Spellcasting
 + Level 3.0 Transmutations


You had 8 spell levels left.
You knew the following spells:

 Your Spells              Type           Power      Damage    Failure   Level
a - Beastly Appendage     Tmut           26%        N/A       4%          1

Your spell library contained the following spells:

 Spells                   Type           Power      Damage    Failure   Level
 Wereblood                Tmut           13%        N/A       8%          2
 Summon Small Mammal      Summ           8%         N/A       17%         1
 Spider Form              Tmut/Pois      7%         N/A       26%         3
 Call Canine Familiar     Summ           2%         N/A       45%         3
 Ozocubu's Armour         Ice            2%         N/A       45%         3
 Summon Guardian Golem    Hex/Summ       2%         N/A       45%         3
 Ice Form                 Ice/Tmut       7%         N/A       65%         4
 Ozocubu's Refrigeration  Ice            1%         4d7       100%        7


Dungeon Overview and Level Annotations

Branches:
Dungeon (4/15)
 Temple: D:4-7

Altars:


Innate Abilities, Weirdness & Mutations

You cannot wear most types of armour.
You are amphibious.
You can wear up to eight rings at the same time.
Your skin changes colour to match your surroundings (Stealth+).
Your rubbery body absorbs attacks. (AC +1, EV +1)
((You are camouflaged when in or above water. (Stealth+)))
You have tentacles for arms and can constrict up to eight enemies at once.


Message History

An endoplasm comes into view.
The orc warrior hits you with a +0 glaive!!
Ouch! That really hurt!
You are too injured to fight recklessly!
You are too injured to fight recklessly!
You are too injured to fight recklessly!
You are too injured to fight recklessly!
Unknown command.
You release your grip on the orc warrior.
The orc warrior hits you with a +0 glaive!
* * * LOW HITPOINT WARNING * * *
The adder bites you.
* * * LOW HITPOINT WARNING * * *
You climb upwards.
There is a stone staircase leading down here.
It was a potion of curing.
You feel better. The adder barely misses you.
The orc warrior barely misses you. The adder misses you.
It was a potion of ambrosia.
You are confused.
You feel invigorated.
The orc warrior hits you with a +0 glaive.
The adder bites you.
It was a potion of cancellation.
Your magical effects are unravelling.
You feel magically purged.
Your tentacle spike disappears.
You feel less invigorated.
You feel less confused.
The orc warrior hits you with a +0 glaive!
* * * LOW HITPOINT WARNING * * *
The adder bites you.
* * * LOW HITPOINT WARNING * * *
You feel better. The adder closely misses you.
The orc warrior closely misses you. The adder closely misses you.
It was a potion of flight.
You feel very buoyant.
You fly up into the air.
The orc warrior hits you with a +0 glaive!!
Ouch! That really hurt!
You die...

#....#.#####.........#
####.......<.........#
#....................#
#.##..........########
#.##..........#
#.##..........#
#.##..........#
##.##.#.##########
...............S@#
##.##.#.########o#
...##.#.# #.#
......#.# #.#
#######.# #.#
..).....### #.#
.#####....# #.# .#
#....# #.#
.#####....######.#


You could see an orc warrior and an adder.

Vanquished Creatures
  A black bear (D:3)
  3 dart slugs
  5 endoplasms
  2 giant cockroaches (D:1)
  6 goblins
  7 hobgoblins
  5 jackals (D:1)
  4 quokkas
  9 ball pythons
  2 bats (D:1)
  2 frilled lizards (D:2)
  3 kobolds
  7 rats
56 creatures vanquished.

Notes
Turn   | Place    | Note
-------+----------+-------------------------------------------
     0 | D:1      | Arctor the Octopode Transmuter began the quest for the Orb.
     0 | D:1      | Reached XP level 1. HP: 13/13 MP: 3/3
   113 | D:1      | Reached XP level 2. HP: 12/18 MP: 3/5
   786 | D:1      | Reached XP level 3. HP: 22/23 MP: 3/6
   854 | D:1      | You fall into a shaft and drop 1 floor!
  1221 | D:2      | Found a faded altar of an unknown god.
  2232 | D:3      | Reached XP level 4. HP: 28/29 MP: 3/7
  2501 | D:3      | Noticed a black bear
  2508 | D:3      | Killed a black bear
  2509 | D:3      | Reached XP level 5. HP: 25/34 MP: 6/9
  2983 | D:3      | Identified the +1 pair of boots of Poor Excuses {rElec
                  | Str+2}
  3403 | D:4      | Noticed an orc warrior
  3412 | D:3      | Mangled by an orc warrior

Illustrated notes

Levels and vault maps discovered:
D:1:      minmay_arrival_up_and_down, layout_basic, minmay_misc_feat_iff
D:2:      layout_basic, dreamdust_ecumenical_altar_statues
D:3:      layout_basic
D:4:      due_chaos_kobolds, layout_basic, kennysheep_little_box, uniq_duvessa

Skill      XL: |  1  2  3  4  5 |
---------------+----------------+-----
Fighting       | 2 |  2.3
Transmutations | 3 |  3.0
Dodging        | |  2.9
Unarmed Combat | |  3.7
Spellcasting   | |  2.8

Action                     |  1- 3 |  4- 6 || total
---------------------------+-------+-------++-------
  Melee: Unarmed           |    85 |    22 ||   107
         Constrict         |    30 |    10 ||    40
         Kick              |    25 |     6 ||    31
         Tentacles         |    11 |     7 ||    18
         Punch             |     2 |       ||     2
   Cast: Beastly Appendage |    66 |    18 ||    84
    Use: Potion            |       |     5 ||     5
   Stab: Sleeping          |     4 |     1 ||     5
 Armour: Skin              |     5 |     1 ||     6
  Dodge: Dodged            |    77 |    19 ||    96
